 Dungeon Crawl Stone Soup version 0.18-a0-1413-g4eaa9ac (webtiles) character file.

162 Duffy the Skirmisher (level 5, -3/44 HPs)
             Began as a Demonspawn Gladiator on Feb 26, 2016.
             Slain by an ogre
             ... wielding a +0 giant spiked club
              (25 damage)
             ... on level 3 of the Dungeon.
             The game lasted 00:02:47 (2413 turns).

Duffy the Skirmisher (Demonspawn Gladiator)         Turns: 2413, Time: 00:02:47

Health: -3/44      AC:  4    Str: 16    XL:     5   Next: 19%
Magic:  5/5        EV: 12    Int:  9    God:
Gold:   98         SH:  0    Dex: 14    Spells: 0 memorised, 4 levels left

rFire  . . .     SeeInvis .     m - +0 lajatang
rCold  . . .     Gourm    .     b - +0 leather armour
rNeg   . . .     Faith    .     (shield currently unavailable)
rPois  .         Spirit   .     (helmet restricted)
rElec  .         Dismiss  .     o - +0 cloak
rCorr  .         Reflect  .     (no gloves)
SustAt .         Harm     .     (no boots)
MR     .....                    (no amulet)
Stlth  ++........               (no ring)
                                (no ring)

@: not resistant to hostile enchantments, unstealthy
A: hooves 1, horns 1, nightstalker 1
a: no special abilities


You were on level 3 of the Dungeon.
You were not hungry.

You visited 1 branch of the dungeon, and saw 3 of its levels.

You collected 98 gold pieces.


Innate Abilities, Weirdness & Mutations

You have large cloven feet.
You have a pair of small horns on your head.
You are slightly more attuned to the shadows.


   Skills:
 - Level 5.1 Fighting
 + Level 3.1 Staves
 - Level 1.7 Throwing
 - Level 2.6 Dodging


You had 4 spell levels left.
You didn't know any spells.

Inventory:

Hand Weapons
 a - a +0 quarterstaff
 m - a +0 lajatang (weapon)
Missiles
 d - 3 throwing nets (quivered)
Armour
 b - a +0 leather armour (worn)
 c - a +0 helmet
 o - a +0 cloak (worn)
Jewellery
 i - an uncursed ring of stealth {unknown}
Wands
 q - a wand of slowing (20/48)
Scrolls
 h - 2 scrolls of identify {unknown}
 k - a scroll of recharging {unknown}
Potions
 e - a potion of flight {unknown}
 j - a potion of haste {unknown}
 n - a potion of mutation {unknown}
 p - a potion of ambrosia {unknown}
Comestibles
 f - a bread ration
 g - 2 meat rations
 l - 7 chunks of flesh

Dungeon Overview and Level Annotations

Branches:
Dungeon (3/15)

Altars:
Kikubaaqudgha
Okawaru
Pakellas
Trog
Vehumet


Message History

The orc completely misses you.
You hit the orc. You kick the orc, but do no damage.
The orc is almost dead.
The orc closely misses you.
You slash the orc!
You kill the orc!
You hit the ogre. You kick the ogre, but do no damage.
You headbutt the ogre, but do no damage.
The ogre is lightly wounded.
The ogre hits you with a giant spiked club!
You slash the ogre!
The ogre is severely wounded.
The ogre hits you with a giant spiked club!
An orc comes into view. It is wielding a club.
You are too injured to fight recklessly!
You are too injured to fight recklessly!
You are too injured to fight recklessly!
You are too injured to fight recklessly!
You are too injured to fight recklessly!
You are too injured to fight recklessly!
You are too injured to fight recklessly!
You are too injured to fight recklessly!
You are too injured to fight recklessly!
You are too injured to fight recklessly!
You are too injured to fight recklessly!
You are too injured to fight recklessly!
You are too injured to fight recklessly!
You are too injured to fight recklessly!
You barely miss the ogre. You kick the ogre, but do no damage.
Your headbutt misses the ogre.
The ogre is severely wounded.
The orc hits you but does no damage.
The ogre hits you with a giant spiked club!!
Ouch! That really hurt!
You die...

.#
#####.#
...... ##
#.##..
..#
#.##.##.#
#.##.#.#
#<##.o##
#.....@#
####.##O#
...# #.#
##### .#
#


You could see an ogre and an orc.

Action                   |  1- 3 |  4- 6 || total
-------------------------+-------+-------++-------
Melee: Quarterstaff      |    84 |       ||    84
       Lajatang          |     2 |    52 ||    54
 Stab: Sleeping          |       |     1 ||     1
  Eat: Chunk             |     3 |     2 ||     5

Notes
Turn   | Place    | Note
--------------------------------------------------------------
     0 | D:1      | Duffy the Demonspawn Gladiator began the quest for the Orb.
     0 | D:1      | Reached XP level 1. HP: 16/16 MP: 1/1
   257 | D:1      | Reached skill level 3 in Staves
   257 | D:1      | Gained mutation: You have large cloven feet. [demonic ancestry]
   257 | D:1      | Reached XP level 2. HP: 23/23 MP: 2/2
  1009 | D:1      | Reached skill level 3 in Fighting
  1179 | D:2      | Noticed Natasha
  1274 | D:2      | Gained mutation: You are slightly more attuned to the shadows. [demonic ancestry]
  1274 | D:2      | Reached XP level 3. HP: 20/29 MP: 3/3
  1631 | D:2      | Killed Natasha
  1842 | D:2      | Reached skill level 4 in Fighting
  1842 | D:2      | Reached XP level 4. HP: 37/37 MP: 4/4
  1883 | D:2      | Found an ancient bone altar of Kikubaaqudgha.
  1884 | D:2      | Found a bloodstained altar of Trog.
  1982 | D:2      | Noticed Natasha
  2065 | D:2      | Killed Natasha
  2233 | D:2      | Noticed Natasha
  2239 | D:2      | Killed Natasha
  2239 | D:2      | Reached skill level 5 in Fighting
  2239 | D:2      | Gained mutation: You have a pair of small horns on your head. [demonic ancestry]
  2239 | D:2      | Reached XP level 5. HP: 42/44 MP: 5/5
  2252 | D:2      | Found an iron altar of Okawaru.
  2252 | D:2      | Found a radiant altar of Vehumet.
  2255 | D:2      | Found an oddly glowing altar of Pakellas.
  2404 | D:3      | Noticed an ogre
  2413 | D:3      | Slain by an ogre

Vault maps used:
D:1:      onia_arrival_mini_spirals, serial_bayou_lagoon_b
D:2:      grunt_temple_overflow_open, uniq_natasha
D:3:      first_bread, minmay_item_behind_shaft

Vanquished Creatures
  Natasha (thrice)
  3 adders
  A worm
  A dart slug
  A giant gecko
  3 orcs
  A ball python
  2 giant cockroaches
  5 goblins
  9 hobgoblins
  4 jackals
  A quokka
  6 bats
  2 giant newts
  3 kobolds
  7 rats
52 creatures vanquished.
